[Event "Late-Titled-Tuesday-Blitz-June-25-2024"]
[Site "Chess.com"]
[Date "2024.06.25"]
[Round "1"]
[White "egnfanclub"]
[Black "ArtemDyachuk"]
[Result "1-0"]
[WhiteElo "2367"]
[BlackElo "2627"]
[TimeControl "180+1"]
[EndTime "14:07:10 PDT"]
[Termination "egnfanclub won on time"]

1. e4 e5 2. Nf3 Nc6 3. Nc3 Nf6 4.
d4 exd4 5. Nd5 Be7 6. Bf4 d6 7.
Bd3 O-O 8. O-O Bg4 9. Nxe7+ Qxe7 10. h3 Bh5 11. Re1 Rfe8 12. Qd2 Bxf3 13. gxf3 Nh5 14. Bg3 Ne5 15. Be2 Ng6 16. f4 Nxg3 17. fxg3 Qxe4 18.
Bb5 Qf3 19. Bxe8 Qxg3+ 20. Qg2 Qxf4 21. Qf2 Qg5+ 22. Qg2 Qf4 23. Qf2 Qg5+ 24. Kf1 Nh8 25. Qxd4 Qf5+ 26. Qf2 Qxh3+ 27. Kg1 Qg4+ 28. Qg2 Qd4+ 29.
Kf1 Qc4+ 30. Re2 Ng6 31. b3 Qf4+ 32. Qf2 1-0

[Event "Late-Titled-Tuesday-Blitz-June-25-2024"]
[Site "Chess.com"]
[Date "2024.06.25"]
[Round "1"]
[White "pinelone"]
[Black "Stanbad1"]
[Result "0-1"]
[WhiteElo "2428"]
[BlackElo "2726"]
[TimeControl "180+1"]
[EndTime "14:07:11 PDT"]
[Termination "Stanbad1 won by resignation"]

1. Nf3 Nf6 2. c4 g6 3. b3 Bg7 4.
Bb2 d6 5. g3 O-O 6. Bg2 c5 7. d4 Nc6 8. O-O Bg4 9. d5 Na5 10.
h3 Bxf3 11. exf3 a6 12. Nd2 b5 13. Qc2 Qb6 14. Rab1 Rfb8 15. f4 Nb7 16. f5 bxc4 17. bxc4 Qc7 18. Bc3 Nd8 19. Rb3 a5 20. Rfb1 Rxb3 21.
Rxb3 Qd7 22. fxg6 fxg6 23. Qb2 a4 24. Rb8 a3 25. Qb6 Rxb8 26. Qxb8 Bf8 27. Qa8 Nf7 28. Qxa3 Qf5 29. Bxf6 exf6 30. Qf3 Qc2 31. Nf1 f5 32.
Qe3 Ne5 33. Nd2 Qxa2 34. f4 Nf7 35. Nf3 Qxc4 36. Ng5 Nxg5 37. fxg5 Qd4 38. Qxd4 cxd4 39. Kf2 Be7 40. h4 Bd8 41. Ke2 Ba5 42. Kf3 Be1 43.
Bf1 Kf7 44. Bb5 Ke7 45. Kg2 Kd8 46. Kf3 Kc7 47. Be8 d3 48. Ke3 d2 49. Ke2 Bxg3 50.
Bf7 Bxh4 51. Bg8 Be1 52. Bxh7 f4 53. Bxg6 f3+ 54. Kd1 Kd7 55. Bd3 Ke7 56. Be4 f2 57.
Bd3 Kf7 58. Bf1 Kg6 59. Kc2 Kxg5 60. Kd1 Kf4 61. Ke2 Kg3 62. Kd1 Kh2 63. Ke2 Kg1 64. Bh3 d1=Q+ 65. Kxd1 f1=Q 66. Bxf1 Kxf1 67. Kc2 Bg3 68.
Kd3 Be5 69. Ke4 Ke2 0-1

[Event "Late-Titled-Tuesday-Blitz-June-25-2024"]
[Site "Chess.com"]
[Date "2024.06.25"]
[Round "1"]
[White "MatthewG-p4p"]
[Black "Winner_7777"]
[Result "0-1"]
[WhiteElo "2914"]
[BlackElo "2517"]
[TimeControl "180+1"]
[EndTime "14:07:12 PDT"]
[Termination "Winner_7777 won by resignation"]

1. f4 d5 2. Nf3 g6 3. g3 Bg7 4.
Bg2 Nf6 5. O-O O-O 6. d3 c5 7. Ne5 Nbd7 8. Nxd7 Bxd7 9. e4 dxe4 10. dxe4 Bb5 11. Re1 e5 12. Nc3 Bc6 13. Qf3 exf4 14. Bxf4 Qb6 15. Rab1 Rfe8 16. h3 Nh5 17. Be3 Be5 18. Ne2 Bxe4 19. Qxe4 Bxg3 20. Qf3 Bxe1 21. Rxe1 Qxb2 22. Bxc5 Qxc2 23. Bf2 Re5 24. Nd4 Rxe1+ 25. Bxe1 Qc1 26. Qe2 Nf4 27. Qe4 Nd3 28. Qxd3 Qxe1+ 29. Bf1 Rd8 30. Qc4 Qe3+ 31. Kh1 Qxd4 32. Qe2 Qd5+ 33.
Bg2 Qe6 34. Qf2 b6 0-1

[Event "Late-Titled-Tuesday-Blitz-June-25-2024"]
[Site "Chess.com"]
[Date "2024.06.25"]
[Round "1"]
[White "whiteglovethief"]
[Black "AEMEffi"]
[Result "0-1"]
[WhiteElo "2606"]
[BlackElo "2334"]
[TimeControl "180+1"]
[EndTime "14:07:12 PDT"]
[Termination "AEMEffi won by resignation"]

1. d4 d5 2. Nf3 Nf6 3. c4 c6 4. g3 g6 5. Nc3 Bg7 6. Bg2 O-O 7.
Qb3 dxc4 8. Qxc4 a5 9. O-O Bf5 10. a4 Na6 11. Bg5 Nb4 12. Bxf6 Be6 13. Qc5 exf6 14.
Ne4 Re8 15. Qc1 f5 16. Nc5 Bc8 17. e3 b6 18. Nb3 Ba6 19. Rd1 Rc8 20. Ne5 Qd6 21.
f4 f6 22. Nc4 Qb8 23. Ra3 Bf8 24. Na1 Kg7 25. Rc3 Nd5 26. Rb3 Bb4 27. Nc2 Bxc4 28. Nxb4 Bxb3 29. Nxc6 Rxc6 30. Qxc6 Bxd1 31. Bxd5 Qd8 32.
Kf2 Qe7 33. e4 fxe4 34. Ke3 Bf3 35. f5 g5 36. Bc4 Rd8 37. d5 Qc5+ 38. Kd2 Qxc6 0-1

[Event "Late-Titled-Tuesday-Blitz-June-25-2024"]
[Site "Chess.com"]
[Date "2024.06.25"]
[Round "1"]
[White "harshu27"]
[Black "miraitrunks"]
[Result "1-0"]
[WhiteElo "2548"]
[BlackElo "2070"]
[TimeControl "180+1"]
[EndTime "14:07:12 PDT"]
[Termination "harshu27 won by resignation"]

1. d4 d6 2. Bf4 Nd7 3. Nf3 c5 4.
d5 g6 5. c4 Qb6 6. Qc2 Ngf6 7.
Nc3 Bg7 8. e4 O-O 9. Be2 e6 10.
O-O exd5 11. exd5 a6 12. Rfe1 Nh5 13. Be3 Qc7 14. Bf1 Ne5 15. Nxe5 Bxe5 16. g3 Bf5 17.
Bd3 Bxd3 18. Qxd3 Rfe8 19. f4 Bg7 20. Bf2 Rab8 21. a4 Nf6 22. Rad1 Ng4 23. h3 Rxe1+ 24. Bxe1 Bd4+ 25. Kh1 Ne3 26. Rd2 Qe7 27. Re2 Re8 28.
Nd1 f5 29. Nxe3 Bxe3 30. Bd2 Qf6 31. Bxe3 Re4 32. Bf2 b5 33. axb5 axb5 34. cxb5 c4 35. Qc2 c3 36. Rxe4 cxb2 37. Re1 1-0

[Event "Late-Titled-Tuesday-Blitz-June-25-2024"]
[Site "Chess.com"]
[Date "2024.06.25"]
[Round "1"]
[White "MagnusCarlsen"]
[Black "WPWPWP-2015"]
[Result "0-1"]
[WhiteElo "3164"]
[BlackElo "2548"]
[TimeControl "180+1"]
[EndTime "14:07:15 PDT"]
[Termination "WPWPWP-2015 won by resignation"]

1. d4 Nf6 2. Bf4 e6 3. Nc3 d5 4.
e3 a6 5. g4 Bd6 6. g5 Ng8 7.
h4 Ne7 8. h5 c5 9. Nf3 Nbc6 10.
h6 g6 11. Bxd6 Qxd6 12. Qd2 b5 13. O-O-O c4 14. e4 b4 15. Na4 dxe4 16. Ne5 c3 17. Qf4 Nf5 18. Qxe4 cxb2+ 19. Nxb2 Bb7 20. Bg2 Na5 21. d5 Bxd5 22. Qf3 Bxf3 23. Rxd6 Bxg2 24. Rhd1 Nxd6 25. Rxd6 O-O 26. Nbd3 Rfd8 27. Rb6 Rdb8 28. Rd6 Rd8 29. Rb6 Rdb8 30. Rd6 Bd5 31. Ng4 Nc4 32.
Nf6+ Kh8 33. Rd7 Rb7 34. Nc5 Rxd7 35. Ncxd7 Nd6 36. Kb2 Rd8 37. Ne5 Rf8 38. a3 Nc4+ 39. Nxc4 Bxc4 40. axb4 Rc8 41. f4 Bd5 42. c3 Bc4 43.
Kc2 Bb5 44. Kb3 Rc4 45. Nd7 Rxf4 46. Nb6 Rf5 47. c4 Bxc4+ 48. Nxc4 Rxg5 49. Nd6 Kg8 50. Ka4 Rd5 51. Ne4 Kf8 52. Nc5 Ke7 53. Nxa6 f5 54. b5 f4 55. b6 f3 56. Nb4 Rd7 57. Nc6+ Kf6 0-1

[Event "Late-Titled-Tuesday-Blitz-June-25-2024"]
[Site "Chess.com"]
[Date "2024.06.25"]
[Round "1"]
[White "rionelG"]
[Black "Snowball-03"]
[Result "0-1"]
[WhiteElo "2364"]
[BlackElo "2650"]
[TimeControl "180+1"]
[EndTime "14:07:16 PDT"]
[Termination "Snowball-03 won on time"]

1. e4 c6 2. d4 d5 3. e5 Bf5 4. Nf3 e6 5. Be2 Nd7 6. O-O a6 7. Nbd2 h6 8. Nb3 c5 9. Be3 c4 10. Nbd2 Ne7 11. h3 Nc6 12. c3 Be7 13. Re1 b5 14. Nf1 O-O 15. Qd2 b4 16. g4 Bg6 17.
Ng3 Nb6 18. Bd1 a5 19. Bc2 Bxc2 20. Qxc2 a4 21. a3 bxc3 22. bxc3 Na5 23. Ra2 Nb3 24. Kg2 Nc8 25. Rh1 Bh4 26. Nxh4 Qxh4 27. f4 Na7 28. f5 f6 29. Bf4 fxe5 30. Bxe5 Qe7 31. Re1 Qf7 32. Rf1 Nc6 33. Bd6 Rfe8 34. Bb4 e5 35. Qf2 exd4 36. cxd4 Ncxd4 37. Bc3 Nb5 38. Bb4 d4 39. Nh5 Qd5+ 40. Kh2 d3 41. Nf4 Qe5 42. Qg3 Rad8 43. Raf2 d2 44. Ng6 Qxg3+ 45. Kxg3 d1=Q 46. Rxd1 Rxd1 47. f6 gxf6 48. Rxf6 Kg7 49. Rb6 Rd3+ 50. Kh4 Ree3 51. Nf4 Rd7 52. Rxb5 Nd4 0-1

[Event "Late-Titled-Tuesday-Blitz-June-25-2024"]
[Site "Chess.com"]
[Date "2024.06.25"]
[Round "1"]
[White "hansen"]
[Black "King_Deded4d5"]
[Result "1-0"]
[WhiteElo "2989"]
[BlackElo "2508"]
[TimeControl "180+1"]
[EndTime "14:07:17 PDT"]
[Termination "hansen won by resignation"]

1. e4 c5 2. Nf3 e6 3. d4 cxd4 4. Nxd4 a6 5. a3 Nf6 6. Nc3 d6 7. Bc4 Be7 8. Ba2 Nc6 9. O-O O-O 10. Be3 Qc7 11. f4 Nxd4 12. Bxd4 e5 13. Be3 Be6 14. f5 Bxa2 15. Rxa2 Rfd8 16. Qd3 b5 17. Rd1 Rac8 18. h3 Qb7 19. Bg5 h6 20. Bxf6 Bxf6 21. Nd5 Rd7 22. c3 Kf8 23. Qf3 Ke8 24. Rd3 Kd8 25. Ra1 Rc6 26. Rad1 Kc8 27. Qh5 Kb8 28. Nxf6 gxf6 29. Qxh6 Ka7 30. Qxf6 d5 31. Qxe5 Rcd6 32. Rxd5 Rxd5 33.
Rxd5 Rxd5 34. Qxd5 Qb6+ 35. Qd4 Qxd4+ 36. cxd4 1-0

[Event "Late-Titled-Tuesday-Blitz-June-25-2024"]
[Site "Chess.com"]
[Date "2024.06.25"]
[Round "1"]
[White "PoAslan"]
[Black "LikeWater"]
[Result "0-1"]
[WhiteElo "2408"]
[BlackElo "2705"]
[TimeControl "180+1"]
[EndTime "14:07:17 PDT"]
[Termination "LikeWater won by resignation"]

1. e4 e6 2. b3 d5 3. Bb2 dxe4 4. Nc3 Nf6 5. Qe2 Be7 6. O-O-O b6 7. Nxe4 Bb7 8.
Nxf6+ Bxf6 9. d4 O-O 10. f4 Qd6 11. Qe3 Rd8 12. Nf3 Nc6 13. Kb1 Ne7 14. Ne5 c5 15.
Bd3 cxd4 16. Qh3 g6 17. Ng4 Bg7 18. Nh6+ Kf8 19. Rhf1 Nd5 20. Nxf7 Kxf7 21. Qxh7 Ne7 22. f5 exf5 23. Qh4 Rh8 24. Qg5 Rh5 25. Qd2 Rxh2 26. Rf2 Rah8 27. Rdf1 Rh1 28. a4 Rxf1+ 29. Rxf1 Rh2 30.
Ka2 Rxg2 31. Bc4+ Kf8 32. Qd3 Bd5 33. Ba3 Bxc4 34. Qxc4 Qe5 35. Bb2 Qc5 36. Qxc5 bxc5 37. Kb1 Nd5 0-1

[Event "Late-Titled-Tuesday-Blitz-June-25-2024"]
[Site "Chess.com"]
[Date "2024.06.25"]
[Round "1"]
[White "DmitriiZakurdaev"]
[Black "carokannlover213"]
[Result "0-1"]
[WhiteElo "2380"]
[BlackElo "2664"]
[TimeControl "180+1"]
[EndTime "14:07:19 PDT"]
[Termination "carokannlover213 won by resignation"]

1. d4 f5 2. c4 g6 3. Nc3 Bg7 4. g3 Nf6 5. Bg2 O-O 6. Nh3 d6 7. d5 Na6 8. Nf4 Kh8 9. O-O Rb8 10. a4 Nc5 11. a5 e5 12. dxe6 Nxe6 13. Ncd5 c6 14.
Nc3 a6 15. Be3 Qe7 16. Qd2 Ng4 17. Bb6 Nxf4 18. Qxf4 Be6 19. Rfd1 Be5 20. Qd2 Bxc4 21. h3 Nf6 22. f4 Bxc3 23. Qxc3 Bd5 24. Rxd5 cxd5 25.
Bd4 Kg8 26. e3 Ne4 27. Qb3 Qf7 28. Kh2 Rbc8 29. Ra4 Rc4 30. Rb4 Rxb4 31. Qxb4 Qd7 32. Qb3 Qb5 33. Qc2 Qxa5 34. b4 Qd8 35. Qb3 Qd7 36.
Qxd5+ Qf7 37. Bxe4 fxe4 38. Qxe4 h5 39. h4 Kh7 40. Qc2 d5 41. Be5 Qd7 42. Qb2 Rc8 43.
Bd4 Qf5 44. Kg1 Qc2 45. Qa3 Qc1+ 46. Qxc1 Rxc1+ 47. Kf2 Rc4 48. Bc5 a5 49. Bd6 axb4 50. Be5 b3 51. Ke1 Rc2 52. Kd1 Rg2 53. Kc1 Rxg3 54. f5 Rxe3 55. fxg6+ Kxg6 56. Bd4 Re4 0-1

[Event "Late-Titled-Tuesday-Blitz-June-25-2024"]
[Site "Chess.com"]
[Date "2024.06.25"]
[Round "1"]
[White "TokChess"]
[Black "BillieKimbah"]
[Result "0-1"]
[WhiteElo "2501"]
[BlackElo "2932"]
[TimeControl "180+1"]
[EndTime "14:07:20 PDT"]
[Termination "BillieKimbah won on time"]

1. c4 b6 2. Nf3 Bb7 3. g3 Nf6 4. Bg2 g6 5. O-O Bg7 6. d3 O-O 7. Nc3 c5 8. Bd2 d5 9. cxd5 Nxd5 10. Qa4 Nc6 11. Rfc1 Rc8 12. Rab1 e6 13. a3 a6 14. Nxd5 exd5 15. Qd1 Ne7 16. h4 b5 17. d4 c4 18. Bf4 Nc6 19. Qd2 Re8 20. Rd1 Na5 21. Be5 Nb3 22. Qc2 f6 23. Bf4 Qe7 24.
Re1 a5 25. Rbd1 b4 26. axb4 axb4 27. e3 Rcd8 28. Nd2 Nxd2 29. Qxd2 b3 30. Ra1 Ra8 31. Qc3 Bf8 32. e4 Qb4 33. Bd2 Qxc3 34. Bxc3 dxe4 35.
d5 Bxd5 36. Bxf6 Bb4 37. Rec1 Kf7 38. Bd4 Ra2 39. Bf1 Rea8 40. Rab1 Rc8 41. Rd1 Be6 42. Be5 c3 43. bxc3 Bxc3 44. Bxc3 Rxc3 45. Rd4 e3 46. fxe3 Rxe3 47. Rf4+ Kg7 0-1

[Event "Late-Titled-Tuesday-Blitz-June-25-2024"]
[Site "Chess.com"]
[Date "2024.06.25"]
[Round "1"]
[White "guineo59"]
[Black "rdarruda"]
[Result "1-0"]
[WhiteElo "2207"]
[BlackElo "2552"]
[TimeControl "180+1"]
[EndTime "14:07:20 PDT"]
[Termination "guineo59 won on time"]

1. d4 Nf6 2. Nf3 e6 3. e3 d5 4. Bd3 c5 5. c3 Nc6 6. Nbd2 Bd6 7. O-O O-O 8. dxc5 Bxc5 9. e4 b6 10. Qe2 Bb7 11. e5 Nd7 12. Nb3 Be7 13. Bf4 Nc5 14.
Nbd4 Nxd3 15. Qxd3 Nxd4 16. Nxd4 Rc8 17. Qg3 Kh8 18.
Rad1 a6 19. Rfe1 b5 20. Qg4 g5 21. Bc1 Rg8 22. Rd3 b4 23. Rh3 bxc3 24. bxc3 Rg6 25. Rh5 Kg7 26. Qh3 h6 27. f4 g4 28. Qd3 Qa5 29. Bd2 Qxa2 30. f5 exf5 31. Nxf5+ Kf8 32. Bxh6+ Ke8 33. Nxe7 Kxe7 34. Qf5 Rxc3 35. Bg5+ Ke8 36. Rh8+ 1-0

[Event "Late-Titled-Tuesday-Blitz-June-25-2024"]
[Site "Chess.com"]
[Date "2024.06.25"]
[Round "1"]
[White "GAZZAN_3000"]
[Black "JowJowTWT"]
[Result "1-0"]
[WhiteElo "2762"]
[BlackElo "2446"]
[TimeControl "180+1"]
[EndTime "14:07:22 PDT"]
[Termination "GAZZAN_3000 won by resignation"]

1. d4 Nf6 2. Nf3 e6 3. c4 Bb4+ 4. Bd2 a5 5. Nc3 O-O 6. e3 d5 7. Bd3 c5 8. a3 cxd4 9. axb4 dxc3 10. Bxc3 dxc4 11. Bxc4 Qxd1+ 12. Rxd1 Bd7 13. bxa5 Rc8 14. Ne5 Be8 15. O-O Nc6 16. Nxc6 Bxc6 17. Be2 Nd5 18.
Bd2 Ba4 19. Rc1 f5 20. b4 b5 21. Bd3 Rd8 22. Bc2 Bxc2 23. Rxc2 Rd7 24. Rfc1 Kf7 25. g3 Nf6 26. Bc3 Nd5 27. Bd2 Raa7 28. Kf1 Nc7 29. Ke2 Ne8 30. Bc3 Nd6 31. Bd4 Rab7 32.
a6 Rb8 33. Rc7 Ke8 34. Bxg7 Ra8 35. Rxd7 Kxd7 36. Ra1 Kc6 37. Bd4 Nc4 38. a7 e5 39.
Bc5 e4 40. Ra6+ Kb7 41. Rf6 Rd8 42. Rf7+ Kc6 43. Rxf5 Rd2+ 44. Kf1 Ra2 45. Rf8 Nd2+ 46.
Kg2 Nf3 47. a8=Q+ Rxa8 48. Rxa8 1-0

[Event "Late-Titled-Tuesday-Blitz-June-25-2024"]
[Site "Chess.com"]
[Date "2024.06.25"]
[Round "1"]
[White "Zurability"]
[Black "dosto07"]
[Result "1-0"]
[WhiteElo "2767"]
[BlackElo "2451"]
[TimeControl "180+1"]
[EndTime "14:07:24 PDT"]
[Termination "Zurability won by checkmate"]

1. e4 e5 2. Nf3 Nc6 3. Bc4 Bc5 4. c3 Nf6 5. d3 d6 6. h3 a6 7. Bb3 Ba7 8. Nbd2 h6 9. Nf1 Be6 10. Bc2 Qd7 11. Ng3 d5 12. exd5 Bxd5 13. O-O O-O 14.
Re1 Rfe8 15. Nh4 Rad8 16. Qe2 Be6 17. Nh5 Nxh5 18. Qxh5 Bd5 19. Nf5 Ne7 20. d4 Nxf5 21. Bxf5 Qc6 22. dxe5 Bxg2 23. Qg4 Bf3 24. Qg3 Kh8 25. Bf4 Bh5 26. Be4 Qb5 27. b3 c6 28.
c4 Qb4 29. Qh4 Bg6 30. Bxg6 fxg6 31. Bxh6 Kg8 32. Bg5 Rd3 33. Qe4 Qc3 34. Kg2 Qc2 35. Re2 Qc3 36. Qxg6 Rxe5 37. Rae1 Rxe2 38. Rxe2 Rd8 39.
Bxd8 Qc1 40. Re8# 1-0

[Event "Late-Titled-Tuesday-Blitz-June-25-2024"]
[Site "Chess.com"]
[Date "2024.06.25"]
[Round "1"]
[White "Bykov_Egor"]
[Black "PawnEatingZombie"]
[Result "1-0"]
[WhiteElo "2617"]
[BlackElo "2314"]
[TimeControl "180+1"]
[EndTime "14:07:24 PDT"]
[Termination "Bykov_Egor won on time"]

1. Nf3 Nf6 2. b3 g6 3. Bb2 Bg7 4. d4 O-O 5. e3 d6 6. Nbd2 c5 7.
c4 cxd4 8. Nxd4 Nc6 9. Be2 Bd7 10.
O-O a6 11. Nxc6 bxc6 12. Qc2 c5 13. Rfe1 a5 14. e4 a4 15. e5 Ne8 16. exd6 Nxd6 17.
Bf3 Bf5 18. Qc1 Ra7 19. Bxg7 Kxg7 20. Qc3+ Kg8 21. Qe5 Qc7 22. Nf1 Rb8 23. Ne3 Be6 24.
Bd5 Ne8 25. Qg5 Bc8 26. Bf3 e6 27. Rad1 Bb7 28. Bxb7 Raxb7 29. bxa4 Qe7 30. Qe5 Qf8 31. h4 h5 32. a5 Ra8 33. g4 Ng7 34. Rd6 Rxa5 35.
Red1 Ra8 36. Qxc5 Rd7 37. Qe5 Rxd6 38. Rxd6 Rxa2 39. c5 Ra1+ 40. Kg2 Rc1 41. Qg5 1-0

[Event "Late-Titled-Tuesday-Blitz-June-25-2024"]
[Site "Chess.com"]
[Date "2024.06.25"]
[Round "1"]
[White "Zq1"]
[Black "Zhigalko_Sergei"]
[Result "0-1"]
[WhiteElo "2505"]
[BlackElo "2973"]
[TimeControl "180+1"]
[EndTime "14:07:25 PDT"]
[Termination "Zhigalko_Sergei won on time"]

1. d4 Nf6 2. c4 e6 3. g3 c5 4.
Nf3 cxd4 5. Nxd4 Qc7 6. b3 Bb4+ 7. Bd2 Bc5 8. Bc3 Ne4 9. Bg2 Nxc3 10. Nxc3 Nc6 11. e3 Qa5 12. Ne2 O-O 13. O-O Be7 14.
Rc1 Rd8 15. Qc2 b6 16. Rfd1 Bb7 17. Ne4 Nb4 18. Qc3 d5 19. a3 dxe4 20. axb4 Qxb4 21. Qc2 f5 22. Nf4 Kf7 23. h4 Bf6 24. h5 g5 25.
hxg6+ hxg6 26. Rxd8 Rxd8 27. Rd1 Bc6 28. Rxd8 Qe1+ 29.
Bf1 Bxd8 30. Ne2 Bf6 31. Nd4 Bxd4 32. exd4 e3 33. Qe2 exf2+ 34. Qxf2 Qe4 35. Bg2 Qxg2+ 36. Qxg2 Bxg2 37. Kxg2 g5 38. b4 Ke7 39. Kf3 a5 0-1

[Event "Late-Titled-Tuesday-Blitz-June-25-2024"]
[Site "Chess.com"]
[Date "2024.06.25"]
[Round "1"]
[White "sergiochess83"]
[Black "HeroWilczek"]
[Result "1-0"]
[WhiteElo "2832"]
[BlackElo "2472"]
[TimeControl "180+1"]
[EndTime "14:07:25 PDT"]
[Termination "sergiochess83 won by checkmate"]

1. d4 Nf6 2. c4 e6 3. Nf3 d5 4. g3 Be7 5. Bg2 O-O 6. O-O dxc4 7.
Qc2 b5 8. a4 Bb7 9. axb5 a6 10.
Nc3 Nd5 11. Nxd5 exd5 12. bxa6 Nxa6 13. Bf4 Bd6 14. Qd2 Re8 15. Rfe1 Bb4 16. Qc2 Bxe1 17. Rxe1 c5 18. Ng5 g6 19. Nf3 Nb4 20. Qd2 cxd4 21.
Nxd4 Nc6 22. Nb5 Ne5 23. Rd1 Qb6 24. Nc3 Ng4 25. e3 Nf6 26. h4 Ne4 27. Qc2 Nxc3 28. Qxc3 Rad8 29. Bg5 Rd6 30. Bf4 Rd7 31. h5 f6 32. h6 Qc5 33. g4 Rde7 34. Qxf6 Qc6 35.
Qd4 Qe6 36. Bg5 Rf7 37. Bh4 Ref8 38. Bg3 Bc8 39. Bxd5 Qxg4 40. Qg7# 1-0

[Event "Late-Titled-Tuesday-Blitz-June-25-2024"]
[Site "Chess.com"]
[Date "2024.06.25"]
[Round "1"]
[White "Jahonas"]
[Black "tactic"]
[Result "1-0"]
[WhiteElo "2435"]
[BlackElo "2698"]
[TimeControl "180+1"]
[EndTime "14:07:25 PDT"]
[Termination "Jahonas won by checkmate"]

1. d4 Nf6 2. c4 e6 3. Nf3 d5 4. Nc3 Bb4 5. Qb3 Nc6 6. cxd5 exd5 7. Bg5 O-O 8. e3 Be6 9. Bd3 h6 10. Bh4 Rb8 11. O-O Be7 12. Rac1 Na5 13. Qc2 Qd7 14.
Bg3 Rfc8 15. Bb5 c6 16. Bd3 Bd6 17. Ne5 Qe7 18. a3 b5 19. Qe2 Nc4 20. e4 Bxe5 21. dxe5 Nd7 22. exd5 cxd5 23. f4 Nc5 24. Bb1 Bd7 25.
Rce1 Na4 26. Nxd5 Qc5+ 27. Ne3 Naxb2 28. Bf2 Qxa3 29. Nd5 Be6 30. Qe4 Bxd5 31. Qxd5 Rd8 32. Qe4 Kf8 33. e6 Re8 34. f5 Nd2 35. Qe5 Rbc8 36.
f6 g6 37. e7+ Kg8 38. Qf4 Kh7 39. Be3 Nxf1 40. Qxh6+ Kg8 41. Qg7# 1-0

[Event "Late-Titled-Tuesday-Blitz-June-25-2024"]
[Site "Chess.com"]
[Date "2024.06.25"]
[Round "1"]
[White "sergeikim"]
[Black "klercaku"]
[Result "1-0"]
[WhiteElo "2610"]
[BlackElo "2298"]
[TimeControl "180+1"]
[EndTime "14:07:26 PDT"]
[Termination "sergeikim won on time"]

1. d4 d5 2. c4 e6 3. Nc3 Nf6 4. Nf3 Nbd7 5. Bf4 a6 6. e3 dxc4 7.
Bxc4 c5 8. O-O b5 9. Bb3 c4 10. Bc2 Bb7 11. Qe2 Be7 12. e4 O-O 13. Rad1 Re8 14.
Rfe1 Bb4 15. Bg5 Qc7 16. Qd2 e5 17. d5 Bd6 18. Nh4 Rf8 19. Nf5 Ne8 20. Re3 g6 21.
Rg3 f6 22. Bh6 Rf7 23. h4 Kh8 24. Nxd6 Nxd6 25. f4 Re8 26. f5 gxf5 27. exf5 e4 28. Bf4 Ne5 29. Nxe4 Nxf5 30. d6 Qb6+ 31. Be3 Nxe3 32.
Qxe3 Qxe3+ 33. Rxe3 Nd7 34. Ree1 Kg7 35. Kf2 Re5 36. g4 Rf8 37. Ng3 Bc6 38. Nf5+ Kf7 39. Ne7 Ke6 40. Nxc6 1-0

[Event "Late-Titled-Tuesday-Blitz-June-25-2024"]
[Site "Chess.com"]
[Date "2024.06.25"]
[Round "1"]
[White "Danito1954"]
[Black "DeGrootteZ"]
[Result "1-0"]
[WhiteElo "2479"]
[BlackElo "2771"]
[TimeControl "180+1"]
[EndTime "14:07:27 PDT"]
[Termination "Danito1954 won by resignation"]

1. e4 c5 2. Nc3 Nc6 3. Bb5 Nd4 4. Nf3 e6 5. O-O Nf6 6. e5 Nxb5 7. Nxb5 Nd5 8. c4 Nc7 9. Nd6+ Bxd6 10. exd6 Na6 11. d4 cxd4 12. Qxd4 f6 13. b3 O-O 14. Bb2 b6 15.
Qe4 Rb8 16. Rfe1 Bb7 17. Qg4 Qe8 18. Nh4 Qf7 19. Rad1 Rbc8 20. Re3 Rc5 21. Rg3 Rg5 22. Qe2 Rxg3 23. hxg3 Rc8 24. Nf3 Qh5 25. Qe3 Nb4 26. Rd2 Bxf3 27. gxf3 Qf5 28. Kg2 Kf7 29. Bc3 Nc6 30.
Rd1 h6 31. g4 Qg5 32. Qe4 Qg6 33. Qf4 h5 34. Rh1 Rh8 35. Qe4 f5 36. Qf4 Rh6 37. g5 Rh8 38. Re1 h4 39. b4 Rh5 40. b5 Qxg5+ 41. Qxg5 Rxg5+ 42. Kh3 Nd8 43. Bb4 Nb7 44. Re3 Rg1 45. Ra3 Rb1 46. Rxa7 Rxb4 47. Rxb7 Rxc4 48. Rxd7+ Kf6 49. Rc7 Rd4 50. Rc6 Ke5 51. Rxb6 g5 52.
a4 Rxd6 53. Rxd6 Kxd6 54. f4 gxf4 55. Kxh4 e5 56. Kg5 f3 57. Kxf5 Kd5 58. b6 e4 59.
b7 e3 60. b8=Q exf2 61. Qb5+ Kd4 62. Qf1 Ke3 63. a5 1-0

[Event "Late-Titled-Tuesday-Blitz-June-25-2024"]
[Site "Chess.com"]
[Date "2024.06.25"]
[Round "1"]
[White "maracayo"]
[Black "GelmanAlexander"]
[Result "0-1"]
[WhiteElo "2407"]
[BlackElo "2701"]
[TimeControl "180+1"]
[EndTime "14:07:28 PDT"]
[Termination "GelmanAlexander won by resignation"]

1. e4 c5 2. Nf3 e6 3. d3 Nc6 4. Nbd2 Nf6 5. Be2 Be7 6. O-O d5 7. c3 b6 8. Re1 Bb7 9. a3 Qc7 10. b4 O-O 11. Bb2 a6 12. Bf1 Rfd8 13. Qc2 h6 14. Rac1 Rac8 15. Qb1 Qb8 16. h3 b5 17.
exd5 Nxd5 18. c4 bxc4 19. dxc4 Nf6 20. b5 Nd4 21. Bxd4 cxd4 22. a4 a5 23. Ne5 Bb4 24. Rcd1 Qd6 25. Bd3 Rc5 26. f4 Nh5 27. Bh7+ Kf8 28.
Bg6 Nxf4 29. Nxf7 Rg5 30. Nxg5 hxg5 31. Rf1 d3 32. Rxf4+ gxf4 33. Nf3 Bxf3 34. gxf3 d2 35. Qe4 Qd4+ 36. Kg2 Qxe4 37. Bxe4 Rd4 38. c5 Bxc5 39. Kf1 Ke7 40. Ke2 Bb4 41. Rg1 Kf6 42. Rg6+ Kf7 43.
Rg1 Rc4 44. Kd1 Rc1+ 0-1

[Event "Late-Titled-Tuesday-Blitz-June-25-2024"]
[Site "Chess.com"]
[Date "2024.06.25"]
[Round "1"]
[White "jaramsdal"]
[Black "Chessgod9oninsta"]
[Result "0-1"]
[WhiteElo "2439"]
[BlackElo "2743"]
[TimeControl "180+1"]
[EndTime "14:07:29 PDT"]
[Termination "Chessgod9oninsta won by resignation"]

1. e4 e5 2. Nf3 Nc6 3. d4 exd4 4. c3 dxc3 5. Bc4 cxb2 6. Bxb2 Bb4+ 7. Nc3 d5 8. exd5 Qe7+ 9. Kd2 Na5 10. Bb5+ c6 11.
Re1 Be6 12. dxe6 O-O-O+ 13. Bd3 Nc4+ 14. Kc2 Nxb2 15. Kxb2 Qf6 16. Ne5 Qxf2+ 17. Re2 Qd4 18. Qb3 Nf6 19. Bf5 Nd5 20. e7+ Kc7 21. exd8=B+ Rxd8 22. Rc1 Nf4 23. Re4 Qf2+ 24. Rc2 Bxc3+ 25. Qxc3 Qb6+ 26. Ka1 Rd1+ 27. Rc1 Nd5 28. Qc2 Ne3 29. Qb2 Rxc1+ 30. Qxc1 Nd5 31. Nc4 Qc5 32. Bh3 b5 33. Qf4+ Nxf4 34. Rxf4 bxc4 35. Rxf7+ Kb6 36.
Rxg7 Qd4+ 37. Kb1 Qxg7 38. Kc2 Qd4 39. Bg4 Qxg4 40. h3 Qd4 0-1

[Event "Late-Titled-Tuesday-Blitz-June-25-2024"]
[Site "Chess.com"]
[Date "2024.06.25"]
[Round "1"]
[White "kubal123"]
[Black "GiorgianBarbosa"]
[Result "0-1"]
[WhiteElo "2292"]
[BlackElo "2608"]
[TimeControl "180+1"]
[EndTime "14:07:29 PDT"]
[Termination "GiorgianBarbosa won by resignation"]

1. d4 Nf6 2. c4 e6 3. Nf3 d5 4.
g3 Be7 5. Bg2 O-O 6. O-O a5 7. Qc2 c6 8. b3 b6 9. Bb2 Ba6 10.
Nbd2 b5 11. Ne5 Nfd7 12. Nxd7 Nxd7 13. e4 dxc4 14. bxc4 b4 15. Rfc1 e5 16. d5 c5 17. f4 Bd6 18. Rf1 a4 19. Bh3 a3 20.
Bc1 Qe7 21. Nb3 Nb6 22. Na5 Bc8 23. Nc6 Qc7 24. Bxc8 Rfxc8 25. fxe5 Bxe5 26. Nxe5 Qxe5 27. Be3 f5 28. Qf2 Nxc4 29. Bxc5 fxe4 30. Bxb4 Qxd5 31. Rad1 Qe6 32. Rd4 e3 33. Qe2 Rab8 34. Bc3 Nb2 35. Bd2 Re8 36. Bc1 Rb7 37. Rdf4 Qxa2 38. Qf3 Rbb8 39.
Rf7 e2 40. Re1 Qxf7 0-1

[Event "Late-Titled-Tuesday-Blitz-June-25-2024"]
[Site "Chess.com"]
[Date "2024.06.25"]
[Round "1"]
[White "MuhittinBuker"]
[Black "Sondremelaa"]
[Result "0-1"]
[WhiteElo "2220"]
[BlackElo "2585"]
[TimeControl "180+1"]
[EndTime "14:07:29 PDT"]
[Termination "Sondremelaa won by resignation"]

1. d4 Nf6 2. c4 g6 3. Nc3 d5 4. cxd5 Nxd5 5. e4 Nxc3 6. bxc3 Bg7 7. Nf3 c5 8. Be3 Qa5 9. Qd2 O-O 10. Be2 Bg4 11.
Rd1 Nc6 12. e5 Rfd8 13. O-O Rac8 14. h3 Bxf3 15. Bxf3 Nxe5 16. Bxb7 Nc4 17. Qe2 Nxe3 18. fxe3 Rc7 19. Rb1 Qxc3 20. Ba6 cxd4 21. exd4 Qxd4+ 22. Kh1 Qe5 23. Qxe5 Bxe5 24. Rbc1 Rxc1 25. Rxc1 Rd2 26.
Bc4 Kg7 27. Bb3 Bd6 28. Rf1 f5 29. Kg1 Kf6 30. Re1 h5 31. Re6+ Kg7 32. Re1 h4 33. Rd1 Rxd1+ 34. Bxd1 Kf6 35. Kf2 Ke5 36. Ke3 Bc5+ 37.
Kf3 g5 38. Bb3 Kf6 39. Bc2 e5 40. Bb3 e4+ 41. Ke2 Ke5 42. Ba4 Bb6 43. Bd7 Kf4 44.
Bc8 g4 45. hxg4 fxg4 46. Bd7 Kg3 47. Kf1 h3 48. gxh3 gxh3 49. Bf5 e3 50. Be4 h2 51. Ke2 Kf4 52. Bh1 Ke5 53. Kd3 Kd6 54. Kc4 e2 0-1